 Dungeon Crawl Stone Soup version 0.31-a0-460-g9e667d4245 (webtiles) character file.

Game seed: 3705497699433737483

42 Maratek the Conjurer (level 3, -3/26 HPs)
             Began as a Draconian Conjurer on Aug 4, 2023.
             Slain by a goblin
             ... wielding a +0 dagger
             ... led by Robin
              (5 damage)
             ... on level 2 of the Dungeon.
             The game lasted 00:03:22 (742 turns).

Maratek the Conjurer (Draconian Conjurer)            Turns: 742, Time: 00:03:22

Health: -3/26      AC:  5    Str:  9    XL:     3   Next: 35%
Magic:  3/6        EV: 12    Int: 20    God:
Gold:   57         SH:  0    Dex:  9    Spells: 3/6 levels left

rFire   . . .        g - +3 spear (venom)
rCold   . . .        (no shield)
rNeg    + . .        (body armour unavailable)
rPois   .            (helmet restricted)
rElec   .            (no cloak)
rCorr   .            (no gloves)
SInv    .            (no boots)
Will    .....        (no amulet)
Stlth   ++           d - ring of positive energy
HPRegen 0.24/turn    (no ring)
MPRegen 0.10/turn

%: no passive effects
@: no status effects
A: AC +5, unfitting armour, cold-blooded
a: no special abilities


You were on level 2 of the Dungeon.
You visited 1 branch of the dungeon, and saw 2 of its levels.

You collected 57 gold pieces.

Inventory:

Hand Weapons
 g - a +3 spear of venom (weapon)
Jewellery
 d - a ring of positive energy (left hand)
Scrolls
 b - a scroll of noise {unknown}
 c - a scroll of torment {unknown}
 h - 2 scrolls of teleportation {unknown}
 i - a scroll of identify {unknown}
Potions
 a - a potion of magic
 e - a potion of might {unknown}
 f - a potion of brilliance {unknown}
 j - a potion of mutation {unknown}


   Skills:
 + Level 0.2 Polearms
 + Level 1.9 Dodging
 + Level 2.3 Stealth
 + Level 0.9 Unarmed Combat
 + Level 2.0 Spellcasting
 + Level 4.6 Conjurations


You had 3 spell levels left.
You knew the following spells:

 Your Spells              Type           Power      Damage    Failure   Level
a - Magic Dart            Conj           80%        1d7       2%          1
b - Searing Ray           Conj           40%        2d5       3%          2

Your spell library contained the following spells:

 Spells                   Type           Power      Damage    Failure   Level
 Freeze                   Ice            8%         1d3       16%         1
 Dazzling Flash           Conj/Hex       22%        N/A       19%         3
 Hailstorm                Conj/Ice       11%        3d5       19%         3
 Frozen Ramparts          Ice            4%         1d1       43%         3
 Fulminant Prism          Conj/Hex       5%         3d6       52%         4
 Iskenderun's Mystic Bla  Conj/Tloc      11%        2d4       52%         4


Dungeon Overview and Level Annotations

Branches:
Dungeon (2/15)

Altars:

Annotations:
D:2 Robin


Innate Abilities, Weirdness & Mutations

Your plain brown scales are hard. (AC +5)
You cannot fit into any form of body armour.
You are cold-blooded and may be slowed by cold attacks.


Message History

A goblin comes into view. It is wielding a +0 club.
The adder closely misses you. The goblin barely misses you.
Robin throws the goblin at you!
Things that are here:
a ball python corpse; a rat corpse You barely miss the goblin.
You tail-slap the goblin, but do no damage.
The goblin closely misses you. The adder completely misses you.
The goblin barely misses you.
You puncture the goblin!
You kill the goblin!
The adder bites you but does no damage. The goblin barely misses you.
Robin throws the goblin at you! The adder bites you but does no damage.
The goblin no longer looks unusually strong.
The goblin hits you but does no damage. The goblin misses you.
The adder attacks as you move away! The adder barely misses you.
The goblin misses you. The goblin closely misses you.
The goblin attacks as you move away! The goblin hits you with a +0 club.
Found 10 gold pieces.
The adder closely misses you. Robin throws the goblin at you!
The goblin misses you. The goblin hits you with a +0 club. The adder bites you.
The adder attacks as you move away! The adder barely misses you.
The goblin attacks as you move away! The goblin hits you with a +0 club.
* * * LOW HITPOINT WARNING * * *
The goblin barely misses you. The goblin attacks as you move away!
The goblin barely misses you. The goblin attacks as you move away!
The goblin misses you.
Robin roars a battlecry!
The goblins go into a battle-frenzy!
The goblin attacks as you move away! The goblin barely misses you.
The goblin attacks as you move away! The goblin misses you.
The goblin attacks as you move away! The goblin hits you with a +0 club.
* * * LOW HITPOINT WARNING * * *
The goblin no longer looks unusually strong.
The goblin misses you. The goblin barely misses you.
There is a stone staircase leading up here.
The goblin hits you with a +0 club.
* * * LOW HITPOINT WARNING * * *
The goblin hits you with a +0 dagger.
You die...

#>......# ...
###......)####.....
.....>...†.))))....
####.....###.......
.###.....g.#........
.............###....
..#.........## ...
#...#.Sggg### ..
##....@g## .
#...#.## #.$#....
....###.#. .## ..#.#
.## . ## .# #


You could see Robin, an adder, a hobgoblin (strong) and 3 goblins.

Vanquished Creatures
  2 dart slugs (D:1)
  3 bats (D:1)
  2 endoplasms
  2 giant cockroaches (D:1)
  3 hobgoblins
  6 jackals
  A ball python (D:2)
  9 goblins
  A kobold (D:1)
  4 rats
33 creatures vanquished.

Notes
Turn   | Place    | Note
-------+----------+-------------------------------------------
     0 | D:1      | Maratek the Draconian Conjurer began the quest for the Orb.
     0 | D:1      | Reached XP level 1. HP: 14/14 MP: 3/3
   212 | D:1      | Reached XP level 2. HP: 20/20 MP: 1/5
   490 | D:1      | Learned a level 2 spell: Searing Ray
   716 | D:2      | Noticed Robin
   722 | D:2      | Reached XP level 3. HP: 21/26 MP: 6/6
   742 | D:2      | Slain by a goblin

Illustrated notes

Levels and vault maps discovered:
D:1:      amcnicky_arrival_gap_in_the_tavern_cellar, layout_rooms
D:2:      layout_rooms, minmay_tromino_v4_a, uniq_jessica, uniq_robin

Skill      XL: |  1  2 |
---------------+-------+-----
Stealth        | 2 |  2.3
Polearms       | |  0.2
Dodging        | |  1.9
Unarmed Combat | |  0.9
Spellcasting   | |  2.0
Conjurations   | |  4.6

Action                     || total
---------------------------++-------
  Melee: Unarmed           ||    25
         Tailslap          ||     6
         Spear             ||    19
         Punch             ||     1
   Cast: Magic Dart        ||    23
         Searing Ray       ||     2
 Armour: Skin              ||    26
  Dodge: Dodged            ||    74

Table legend: (Time is in decaauts)
 A = Elapsed time spent in this place.
 B = Non-inter-level travel time spent in this place.
 C = Inter-level travel time spent in this place.
 D = Time resting spent in this place.
 E = Time spent auto-exploring this place.
 F = Levels seen in this place.
 G = Mean time per level.
                   A        B        C        D        E       F      G
               +--------+--------+--------+--------+--------+-----+--------+
         Total |    743 |    710 |     33 |     40 |    473 |   2 |  371.5 |
       Dungeon |    743 |    710 |     33 |     40 |    473 |   2 |  371.5 |
               +--------+--------+--------+--------+--------+-----+--------+

Top non-repeatable levels by time:
     D:1: 706 daAuts
     D:2: 36 daAuts
